Map: Oxide LE

Players

goblin - Winner!

  • Race: Protoss Protoss
  • League: Master

uwuThermal (uThermal)

  • Race: Terran Terran
  • League: Master

Event: DreamHack SC2 Masters 2021 Summer

VOD

Have the link to the VOD?

Description

Time

  • Played on: May 23, 2021, 10:46 a.m.
  • Length: 6:39

All games in this series

Show
View Real Time Build Order
Export as new Build Order

goblin Protoss - Winner!

Build Orders: 1 Gate Expand, Phoenix Opening, Colossus Rush 

Get SALT Encoding   

  12  0:00  Probe  
  13  0:12  Probe  
  14  0:17  Pylon  
  14  0:24  Probe (Chrono Boost)  
  15  0:36  Probe (Chrono Boost)  
  15  0:37  Gateway  
  16  0:44  Probe (Chrono Boost)  
  16  0:46  Assimilator  
  17  0:50  Probe  
  18  1:03  Probe  
  19  1:15  Probe  
  20  1:23  Cybernetics Core  
  20  1:35  Nexus  
  20  1:42  Pylon  
  20  1:45  Probe  
  21  1:51  Assimilator  
  21  1:57  Probe (Chrono Boost), Adept (Chrono Boost)  
  24  2:09  Probe (Chrono Boost)  
  25  2:17  Probe (Chrono Boost)  
  25  2:18  Stargate  
  25  2:22  Adept  
  28  2:24  Probe  
  29  2:34  Warp Gate  
  29  2:36  Probe (Chrono Boost)  
  30  2:47  Probe (Chrono Boost)  
  32  2:52  Stalker  
  32  2:54  Probe (Chrono Boost)  
  32  2:57  Probe (Chrono Boost)  
  35  3:01  Probe (Chrono Boost)  
  35  3:02  Probe (Chrono Boost), Phoenix  
  39  3:12  Pylon  
  40  3:13  Probe (Chrono Boost)  
  40  3:14  Probe (Chrono Boost)  
  41  3:26  Probe (Chrono Boost)  
  43  3:27  Phoenix  
  43  3:30  Probe (Chrono Boost)  
  43  3:32  Probe (Chrono Boost)  
  43  3:33  Assimilator  
  46  3:36  Probe, Assimilator  
  46  3:37  Robotics Facility  
  47  3:42  Probe  
  48  3:48  Probe  
  48  3:50  Pylon  
  48  3:54  Probe, Phoenix  
  52  3:58  Shield Battery  
  53  4:02  Probe  
  53  4:09  Probe  
  54  4:15  Probe  
  55  4:18  Gateway x2  
  55  4:19  Phoenix  
  55  4:22  Probe  
  58  4:25  Observer (Chrono Boost)  
  58  4:30  Robotics Bay  
  59  4:31  Probe  
  59  4:32  Pylon  
  59  4:35  Probe  
  59  4:37  Observer (Chrono Boost)  
  62  4:50  Phoenix, Pylon  
  64  4:57  Nexus  
  64  5:03  Pylon  
  64  5:05  Probe x2  
  64  5:06  Sentry  
  68  5:09  Pylon  
  68  5:15  Phoenix  
  68  5:20  Adept  
  68  5:21  Adept  
  74  5:26  Colossus (Chrono Boost)  
  73  5:36  Adept  
  73  5:39  Observer  
  73  5:40  Observer  
  73  5:42  Phoenix  
  75  5:46  Probe x2  
  70  5:50  Adept x2  
  74  5:58  Probe x2  
  76  6:10  Probe, Zealot, Adept x2  
  76  6:11  Probe  
  90  6:21  Pylon  
  90  6:22  Pylon  
  90  6:23  Probe  
Show
View Real Time Build Order
Export as new Build Order

uwuThermal Terran 

Build Orders:  

Get SALT Encoding   

  12  0:00  SCV  
  13  0:12  SCV  
  14  0:17  Supply Depot  
  14  0:24  SCV  
  15  0:38  SCV  
  15  0:39  Barracks  
  16  0:42  Refinery  
  16  0:50  SCV  
  17  1:02  SCV  
  18  1:14  SCV  
  19  1:26  Barracks Reactor  
  19  1:27  Orbital Command  
  19  1:42  Command Center  
  19  1:51  Supply Depot  
  19  1:54  SCV  
  20  2:01  Marine x2  
  20  2:06  SCV  
  23  2:11  Barracks  
  23  2:18  SCV  
  23  2:19  Marine x2  
  26  2:27  Barracks  
  26  2:30  SCV  
  27  2:37  Marine x2  
  27  2:42  SCV  
  30  2:54  SCV, Orbital Command  
  30  2:55  Marine x2  
  33  2:59  Barracks Tech Lab  
  33  3:06  SCV  
  34  3:13  Marine x2  
  34  3:14  Barracks Tech Lab  
  34  3:17  Supply Depot  
  34  3:18  SCV, Marine  
  34  3:19  Stimpack  
  38  3:21  SCV  
  39  3:30  SCV  
  39  3:31  Marine x2  
  39  3:33  Marine, Combat Shield  
  43  3:36  Marine  
  43  3:37  SCV  
  45  3:41  Engineering Bay  
  45  3:45  Supply Depot  
  45  3:49  Marine x2  
  45  3:52  Marauder  
  45  3:55  SCV, Marauder  
  52  3:57  SCV  
  52  4:00  Supply Depot  
  53  4:06  Marine  
  53  4:07  Marine  
  55  4:13  Marauder  
  55  4:14  Missile Turret  
  55  4:16  Marauder  
  59  4:17  Missile Turret  
  59  4:21  Supply Depot  
  59  4:22  SCV  
  59  4:23  SCV  
  61  4:26  Marine x2  
  63  4:35  SCV, Marauder  
  63  4:37  SCV, Marauder  
  69  4:41  Refinery  
  69  4:44  Refinery  
  69  4:45  Marine  
  69  4:48  SCV, Marine  
  69  4:51  Supply Depot  
  72  4:56  SCV, Marine  
  72  4:58  Marine  
  75  5:03  Factory  
  75  5:05  SCV  
  76  5:08  Marine x2, Supply Depot  
  76  5:13  SCV  
  81  5:14  Marauder  
  81  5:17  SCV  
  81  5:18  Marine  
  83  5:25  SCV  
  83  5:26  Marine  
  79  5:29  SCV, Marine  
  77  5:35  Marauder  
  77  5:36  Marine  
  77  5:37  SCV  
  77  5:41  SCV  
  73  5:44  Marine  
  73  5:49  SCV  
  71  5:53  SCV  
  71  5:54  Marine  
  71  5:56  Factory Reactor  
  71  5:58  Starport  
  71  5:59  Marine  
  71  6:01  Refinery, SCV  
  71  6:02  Marine  
  71  6:03  Marauder  
  76  6:06  SCV  
  75  6:12  Marine  
  76  6:20  Marine  
  79  6:29  Command Center  
Tags
 
Add a new tag
Caveats
  • Supply blocks, unpowered buildings, or Contaminate may cause inaccurate times.
  • Supply counts are checked every 10 seconds.